 Dungeon Crawl Stone Soup version 0.27.0-1-g7a089689b8 (webtiles) character file.

Game seed: 7595117615596706735

110 hawla the Sneak (level 4, -1/27 HPs)
             Began as a Deep Elf Delver on Aug 8, 2021.
             Slain by an orc (2 damage)
             ... on level 3 of the Dungeon.
             The game lasted 00:07:56 (2838 turns).

hawla the Sneak (Deep Elf Delver)                   Turns: 2838, Time: 00:07:56

Health: -1/27      AC:  2    Str:  9    XL:     4   Next: 61%
Magic:  2/8        EV: 13    Int: 16    God:
Gold:   70         SH:  0    Dex: 16    Spells: 3/6 levels left

rFire    . . .     SeeInvis .   b - +2 dagger (venom)
rCold    . . .     Faith    .   (no shield)
rNeg     . . .     Spirit   .   i - +0 robe
rPois    .         Reflect  .   (no helmet)
rElec    .         Harm     .   (no cloak)
rCorr    .         Rampage  .   (no gloves)
Will     .....                  (no boots)
Stlth    ++++......             (no amulet)
HPRegen  0.09/turn              (no ring)
MPRegen  0.11/turn              (no ring)

@: hasted, very quick
A: high mp 1, subdued magic 1
a: no special abilities


You were on level 3 of the Dungeon.
You visited 1 branch of the dungeon, and saw 5 of its levels.

You collected 70 gold pieces.

Inventory:

Hand Weapons
 b - a +2 dagger of venom (weapon)
Missiles
 l - 2 boomerangs (quivered)
Armour
 i - a +0 robe (worn)
Wands
 a - a wand of polymorph (6)
 g - a wand of digging (3)
 j - a wand of paralysis (7)
Scrolls
 h - 2 scrolls of identify


   Skills:
 + Level 2.7 Fighting
 + Level 2.8 Short Blades
 + Level 2.8 Dodging
 + Level 7.3 Stealth
 + Level 1.5 Spellcasting
 + Level 0.1 Conjurations


You had 3 spell levels left.
You knew the following spells:

 Your Spells              Type           Power      Damage    Failure   Level
a - Magic Dart            Conj           4%         1d3       17%         1
b - Call Imp              Summ           0%         N/A       28%         2

Your spell library contained the following spells:

 Spells                   Type           Power      Damage    Failure   Level
 Mephitic Cloud           Conj/Pois/Air  1%         N/A       50%         3


Dungeon Overview and Level Annotations

Branches:
Dungeon (5/15)
 Temple: D:4-7

Altars:
Hepliaklqana
Qazlal
The Shining One

Annotations:
D:2 Sigmund


Innate Abilities, Weirdness & Mutations

You have an increased reservoir of magic. (+10% MP)
Your spells are a little easier to cast, but a little less powerful.


Message History

Something misses your crimson imp.
Something closely misses your crimson imp.
Your crimson imp closely misses Sigmund.
Casting: Call Imp (quite dangerous; 28% risk of failure)
Confirm with . or Enter, or press ? or * to list all spells.
The spell is quite dangerous to cast (28% risk of failure)!
Continue anyway?
You miscast Call Imp.
You are very lightly contaminated with residual magic.
Nothing appears to happen.
Sigmund closely misses your crimson imp.
Your crimson imp hits Sigmund but does no damage.
What are your orders? t - Shout!
Orders for allies: a - Attack new target. r - Retreat! s - Stop attacking. g - Guard the area. f - Follow me.
Anything else - Cancel.
Guard this area!
Your crimson imp disappears in a puff of smoke!
As you read the scroll of fog, it crumbles to dust.
The scroll dissolves into smoke.
Okay, then.
You feel yourself speed up. Sigmund casts a spell at you.
The magic dart hits you.
* * * LOW HITPOINT WARNING * * *
Sigmund gestures at you while chanting. You resist with some effort.
Your magical contamination has completely faded away.
Sigmund is nearby!
Sigmund is nearby!
You see here a +0 dagger.
Sigmund giggles. "Time to reap what you sow."
Sigmund casts a spell at you. The magic dart hits you.
* * * LOW HITPOINT WARNING * * *
There is a stone staircase leading down here.
You climb downwards.
The ball python misses you. The ball python barely misses you.
The orc hits you with a +0 short sword.
You die...

####..## #. #....... #.
#....... # #. #.......
.##.# #....... ...?
#.>...[. #.. ##.......
#.
..###..#########........
.
#>....S@o...##..........
.##
####...###.....##.......
..### #.....
#..############
####o..#.o.<.##.....#
#....................
##.............#####.##
.....>...).... #.#
.##.......... #.#
##.....o... #.#


You could see 2 orcs and a ball python.

Vanquished Creatures
  A howler monkey (D:4)
  An adder (D:2)
  2 dart slugs
  3 endoplasms
  A giant cockroach (D:1)
  4 goblins
  7 hobgoblins
  9 kobolds
  3 quokkas
  7 ball pythons
  2 bats
  2 frilled lizards (D:1)
42 creatures vanquished.

Vanquished Creatures (collateral kills)
  Terence (D:2)
1 creature vanquished.

Grand Total: 43 creatures vanquished

Notes
Turn   | Place    | Note
-------+----------+-------------------------------------------
     0 | D:5      | hawla the Deep Elf Delver began the quest for the Orb.
     0 | D:5      | Reached XP level 1. HP: 13/13 MP: 3/3
     3 | D:5      | Found a glowing golden altar of the Shining One.
   155 | D:4      | Found a stormy altar of Qazlal.
   299 | D:4      | Noticed a howler monkey
   306 | D:4      | Killed a howler monkey
   307 | D:4      | Reached skill level 7 in Stealth
   307 | D:4      | Reached XP level 2. HP: 18/18 MP: 4/4
   307 | D:4      | Reached XP level 3. HP: 22/22 MP: 5/5
   318 | D:4      | Learned a level 1 spell: Magic Dart
  1095 | D:1      | Reached XP level 4. HP: 14/27 MP: 3/6
  1415 | D:1      | Learned a level 2 spell: Call Imp
  1945 | D:1      | Noticed a shining eye
  1948 | D:1      | Found a faded altar of an unknown god.
  1950 | D:1      | Noticed a shining eye
  1950 | D:1      | Noticed a golden eye
  1950 | D:1      | Noticed a shining eye
  2064 | D:1      | Gained mutation: You have an increased reservoir of magic.
                  | (+10% MP) [potion of mutation]
  2064 | D:1      | Gained mutation: Your spells are a little easier to cast,
                  | but a little less powerful. [potion of mutation]
  2627 | D:2      | Found a hazy altar of Hepliaklqana.
  2638 | D:2      | Noticed Terence
  2658 | D:2      | Killed Terence
  2659 | D:2      | Reached skill level 1 in Spellcasting
  2793 | D:2      | Noticed Sigmund
  2835 | D:2      | HP: 1/27 [Sigmund/magic dart (4)]
  2838 | D:3      | Slain by an orc

Illustrated notes

Levels and vault maps discovered:
D:1:      lightli_arrival_chessboard, layout_basic,
          hellmonk_ecumenical_altar_watching_god, minmay_close_crescents
D:2:      layout_loops_cross, basic_altar, serial_shops, shop_statue,
          uniq_sigmund, uniq_terence
D:3:      minmay_diamond_boxcup, layout_rooms, lemuel_zombie_altar_yredelemnul
D:4:      layout_basic, mainiacjoe_overflow_boulevard,
          ebering_ghost_rock_garden, serial_rivers,
          chequers_serial_rivers_room_a, chequers_serial_rivers_micro_d,
          chequers_serial_rivers_small_3, chequers_serial_rivers_room_b,
          chequers_serial_rivers_large_b, chequers_serial_rivers_small_a
D:5:      layout_cave_pods, xom_butterflies, mainiacjoe_overflow_brackets,
          serial_gnoll_camp, gnoll_camp_mini_house, gnoll_camp_mini_shop,
          grums_kennel, gnoll_camp_mini_house, gnoll_camp_mini_doghouse,
          gnoll_camp_mini_hut, kennysheep_generic_room_7

Skill      XL: |  1  2  3  4 |
---------------+-------------+-----
Stealth        | 7 |  7.3
Spellcasting   | 1 |  1.5
Fighting       | |  2.7
Short Blades   | |  2.8
Dodging        | |  2.8
Conjurations   | |  0.1

Action                   |  1- 3 |  4- 6 || total
-------------------------+-------+-------++-------
Melee: Short sword       |    59 |    76 ||   135
       Dagger            |       |     3 ||     3
Throw: Boomerang         |       |     2 ||     2
 Cast: Magic Dart        |     6 |    13 ||    19
       Call Imp          |       |     8 ||     8
  Use: Scroll            |       |     5 ||     5
       Potion            |       |     4 ||     4
 Stab: Sleeping          |     4 |     6 ||    10
Armor: Robe              |     5 |    12 ||    17
       Skin              |       |     2 ||     2
Dodge: Dodged            |    38 |    78 ||   116
